 Dungeon Crawl Stone Soup version 0.21.0-3-g78d12a8bdd (webtiles) character file.

4422 GuyWithAPlan the Destroyer (level 10, -17/58 HPs)
             Began as a Tengu Conjurer on Jan 16, 2018.
             Was an Initiate of Vehumet.
             Demolished by a polar bear (21 damage)
             ... on level 9 of the Dungeon.
             The game lasted 00:40:47 (11974 turns).

GuyWithAPlan the Destroyer (Tengu Conjurer)        Turns: 11974, Time: 00:40:47

Health: -17/58     AC:  6    Str:  9    XL:     10   Next: 36%
Magic:  0/23       EV: 14    Int: 18    God:    Vehumet [......]
Gold:   243        SH:  3    Dex: 15    Spells: 12/26 levels left

rFire    . . .     SeeInvis .   h - +3 halberd (freeze)
rCold    + . .     Gourm    .   (shield currently unavailable)
rNeg     . . .     Faith    .   G - +2 robe {rC+}
rPois    .         Spirit   +   (helmet restricted)
rElec    .         Reflect  +   X - scarf {Spirit}
rCorr    .         Harm     .   M - +0 pair of gloves
MR       .....                  (boots unavailable)
Stlth    +++.......             u - +3 amulet of reflection
HPRegen  0.19/turn              m - +1 ring of protection
MPRegen  0.18/turn              R - ring of wizardry

@: no status effects
A: beak, talons 3, able to fly 1
a: Fly, Renounce Religion


You were on level 9 of the Dungeon.
You worshipped Vehumet.
Vehumet was noncommittal.
You were not hungry.

You visited 2 branches of the dungeon, and saw 10 of its levels.

You collected 499 gold pieces.
You spent 256 gold pieces at shops.

Inventory:

Hand Weapons
 h - a +3 halberd of freezing (weapon)
Missiles
 j - 7 steel javelins (quivered)
 B - a throwing net
Armour
 G - a +2 robe of cold resistance (worn)
 I - a +0 robe of positive energy
 M - a +0 pair of gloves (worn)
 X - a scarf of spirit shield (worn)
Magical Staves
 q - an uncursed staff of poison
Jewellery
 m - a +1 ring of protection (left hand)
 u - a +3 amulet of reflection (around neck)
 y - a +4 ring of strength
 z - a +3 amulet of reflection
 E - an uncursed amulet of rage
 R - a ring of wizardry (right hand)
 V - an uncursed ring of protection from cold
Wands
 F - a wand of flame (27)
 S - a wand of paralysis (3)
 T - a wand of polymorph (12)
Scrolls
 a - a scroll of summoning {unknown}
 i - 8 scrolls of remove curse
 k - 2 scrolls of blinking
 l - a scroll of amnesia {unknown}
 o - a scroll of magic mapping {unknown}
 p - 2 scrolls of holy word
 t - a scroll of fear {unknown}
 A - 2 scrolls of random uselessness {unknown}
 P - a scroll of immolation {unknown}
 W - a scroll of noise {unknown}
Potions
 d - a potion of might
 f - 3 potions of mutation
 g - a potion of flight
 n - 3 potions of degeneration
 r - a potion of agility
 w - a potion of magic {unknown}
 D - 2 potions of haste {unknown}
 J - a potion of cancellation {unknown}
 N - a potion of berserk rage {unknown}
Books
 b - a book of Conjurations

   Spells                             Type                      Level
   a - Magic Dart                     Conjuration                  1
   b - Searing Ray                    Conjuration                  2
   c - Dazzling Spray                 Conjuration/Hexes            3
   d - Fulminant Prism                Conjuration/Hexes            4
   e - Force Lance                    Conjuration/Translocation    4
   f - Iskenderun's Mystic Blast      Conjuration                  4
 e - a book of Geomancy

   Spells                             Type                      Level
   a - Sandblast                      Earth                        1
   b - Passwall                       Transmutation/Earth          2
   c - Stone Arrow                    Conjuration/Earth            3
   d - Petrify                        Transmutation/Earth          4
   e - Lee's Rapid Deconstruction     Earth                        5
 U - the Almanac of the Frigorific Birds
   (You found it on level 8 of the Dungeon)

   Spells                             Type                      Level
   a - Shock                          Conjuration/Air              1
   b - Poisonous Vapours              Poison/Air                   2
   c - Ozocubu's Armour               Charms/Ice                   3
   d - Deflect Missiles               Charms/Air                   6
   e - Freezing Cloud                 Conjuration/Ice/Air          6
Comestibles
 c - 7 rations
 Z - 2 chunks of flesh


   Skills:
 * Level 4.7 Fighting
 + Level 4.3 Dodging
 + Level 4.0 Stealth
 * Level 8.7 Spellcasting
 + Level 12.7 Conjurations
 * Level 0.9 Ice Magic
 * Level 1.6 Air Magic


You had 12 spell levels left.
You knew the following spells:

 Your Spells              Type           Power        Failure   Level  Hunger
a - Magic Dart            Conj           ####         1%          1    None
b - Searing Ray           Conj           ######       1%          2    None
c - Iskenderun's Mystic   Conj           ######..     1%          4    ###....
d - Freezing Cloud        Conj/Ice/Air   ####......   52%         6    ######.
e - Shock                 Conj/Air       ####         1%          1    None


Dungeon Overview and Level Annotations

Branches:
Dungeon (9/15)             Temple (1/1) D:7            Lair (0/6) D:9
    Orc: D:9-12

Altars:
Ashenzari
Cheibriados
Dithmenos
Elyvilon
Fedhas
Gozag
Kikubaaqudgha
Makhleb
Nemelex Xobeh
Okawaru
Qazlal
Ru
Sif Muna
Trog
Uskayaw
Vehumet
Xom
Yredelemnul
The Shining One

Shops:
D:6 }(((   D:7 *


Innate Abilities, Weirdness & Mutations

You have a beak for a mouth.
You have claws for feet.
You can fly.


Message History

The polar bear claws you but does no damage.
The polar bear misses you. The polar bear bites you!!
* * * LOW HITPOINT WARNING * * *
The polar bear claws you but does no damage.
The polar bear claws you.
* * * LOW HITPOINT WARNING * * *
Found a scroll labeled NITUNA XICS.
The polar bear bites you!
* * * LOW HITPOINT WARNING * * *
The polar bear misses you.
The polar bear claws you but does no damage.
Casting: Magic Dart
Confirm with . or Enter, or press ? or * to list all spells.
Aiming: Magic Dart
Press: ? - help, Shift-Dir - straight line, f/p - polar bear
Aim: a polar bear (almost dead, berserk, fast, unusually strong)
The magic dart hits the polar bear.
The polar bear is almost dead.
The polar bear bites you!!
You die...

.....# ###...c.#
.....###.#.....#.#
#....#.#.......##
#....$..5..8.....
#..##.####.....#.
#..##†# .......
#.....# ....$..
#..#########.####
#..h@........#
?......5.####### #
.........#
.......>..#
##........#
#........#
#........#
#........#


You could see a polar bear (berserk) and a shadow imp.

Vanquished Creatures
  Pikel (D:4)
  Maurice (D:8)
  A hippogriff (D:6)
  Sigmund (D:6)
  Eustachio (D:6)
  A hungry ghost (D:7)
  Edmund (D:6)
  2 ice beasts
  An orc warrior (D:7)
  4 sky beasts
  2 slaves (D:4)
  A black bear (D:8)
  2 phantoms
  2 centaurs
  7 ogres
  A scorpion (D:6)
  4 wights (D:6)
  4 crimson imps
  A bullfrog zombie (D:8)
  6 orc priests
  2 centaur skeletons
  3 hounds
  4 orc wizards
  Crazy Yiuf (D:6)
  A bullfrog skeleton (D:5)
  An iguana (D:6)
  5 worker ants
  A killer bee zombie (D:8)
  A howler monkey zombie (D:8)
  A worker ant zombie (D:5)
  A gnoll (D:7)
  8 adders
  4 shadow imps
  A white imp (D:9)
  An ufetubus (D:9)
  An ooze (D:1)
  2 adder skeletons
  2 worms (D:3)
  3 dart slugs
  4 leopard geckos
  29 orcs
  A ball python (D:1)
  4 giant cockroaches
  5 goblins
  8 hobgoblins
  8 jackals
  6 kobolds
  10 quokkas
  4 bats
  2 frilled lizards (D:1)
  A leopard gecko skeleton (D:8)
  A quokka skeleton (D:8)
  4 rats
174 creatures vanquished.

Vanquished Creatures (others)
  An ogre (D:7)
  A big kobold (D:7)
  A wyvern skeleton (D:7)
  A giant cockroach (D:7)
4 creatures vanquished.

Grand Total: 178 creatures vanquished

Notes
Turn   | Place    | Note
-------+----------+-------------------------------------------
     0 | D:1      | GuyWithAPlan the Tengu Conjurer began the quest for the Orb.
     0 | D:1      | Reached XP level 1. HP: 10/10 MP: 4/4
   248 | D:2      | Reached XP level 2. HP: 9/15 MP: 0/6
   303 | D:2      | Learned a level 2 spell: Searing Ray
   368 | D:1      | Reached skill level 6 in Conjurations
  1110 | D:1      | Reached XP level 3. HP: 19/19 MP: 2/7
  1337 | D:2      | Found a white marble altar of Elyvilon.
  1563 | D:2      | Found a sacrificial altar of Ru.
  2193 | D:3      | Reached XP level 4. HP: 23/24 MP: 1/8
  2288 | D:3      | Learned a level 4 spell: Iskenderun's Mystic Blast
  2332 | D:3      | Reached skill level 7 in Conjurations
  3167 | D:3      | Gained mutation: You can fly. [Tengu growth]
  3167 | D:3      | Reached XP level 5. HP: 28/28 MP: 6/10
  3561 | D:4      | Noticed a slave
  3562 | D:4      | Noticed a slave
  3562 | D:4      | Noticed a slave
  3563 | D:4      | Noticed a slave
  3593 | D:4      | Killed a slave
  3973 | D:4      | Found an ancient bone altar of Kikubaaqudgha.
  3983 | D:4      | Found a shadowy altar of Dithmenos.
  4103 | D:4      | Reached XP level 6. HP: 33/33 MP: 1/12
  4113 | D:4      | Reached skill level 1 in Fighting
  4377 | D:4      | Noticed Pikel
  4391 | D:4      | Killed a slave
  4590 | D:4      | Killed Pikel
  4590 | D:4      | Reached skill level 9 in Conjurations
  4590 | D:4      | Reached XP level 7. HP: 25/40 MP: 2/15
  4996 | D:5      | Entered Level 5 of the Dungeon
  5146 | D:5      | Reached skill level 5 in Spellcasting
  5146 | D:5      | Reached XP level 8. HP: 45/45 MP: 11/16
  6323 | D:5      | Reached skill level 10 in Conjurations
  6662 | D:6      | Noticed Edmund
  6748 | D:6      | Found Ulialuvi's Weapon Shoppe.
  6997 | D:6      | Noticed Sigmund
  7007 | D:6      | Killed Sigmund
  7007 | D:6      | Reached XP level 9. HP: 36/51 MP: 9/19
  7739 | D:6      | Found Nosori's Weapon Shop.
  7749 | D:6      | Found Degiclehulu's Weapon Boutique.
  7757 | D:6      | Reached skill level 11 in Conjurations
  7792 | D:6      | Killed Edmund
  7976 | D:6      | Found Nuxke's Gadget Emporium.
  8270 | D:6      | Found a runed door.
  8294 | D:6      | Noticed Eustachio
  8309 | D:6      | Killed Eustachio
  8826 | D:6      | Noticed Crazy Yiuf
  8830 | D:6      | Killed Crazy Yiuf
  9499 | D:7      | Found a shimmering altar of Xom.
  9516 | D:7      | Found a staircase to the Ecumenical Temple.
  9603 | Temple   | Entered the Ecumenical Temple
  9613 | Temple   | Became a worshipper of Vehumet
  9724 | D:7      | Found Vuar Hio's Assorted Antiques.
  9860 | D:7      | Reached skill level 12 in Conjurations
  9978 | D:7      | Reached XP level 10. HP: 57/57 MP: 14/23
 10679 | D:8      | Identified the Almanac of the Frigorific Birds
 10770 | D:8      | Learned a level 6 spell: Freezing Cloud
 10772 | D:8      | Learned a level 1 spell: Shock
 10952 | D:8      | Noticed Maurice
 10962 | D:8      | Paralysed by Maurice for 6 turns
 11038 | D:8      | Killed Maurice
 11200 | D:8      | Noticed an orb spider
 11200 | D:8      | an orb spider changed into a queen bee
 11216 | D:8      | Noticed a fire crab
 11218 | D:8      | a fire crab changed into a wind drake
 11405 | D:7      | Bought an embroidered scarf for 256 gold pieces
 11582 | D:8      | Reached skill level 1 in Air Magic
 11832 | D:9      | Found a burning altar of Makhleb.
 11860 | D:9      | Found a staircase to the Lair.
 11974 | D:9      | Demolished by a polar bear

Skill      XL: |  1  2  3  4  5  6  7  8  9 10 |
---------------+-------------------------------+-----
Conjurations   | 6 7 9 10 12 | 12.7
Spellcasting   | 3 4 5 6 8 |  8.7
Fighting       | 2 3 4 |  4.7
Dodging        | 3 4 |  4.3
Stealth        | 3 4 |  4.0
Air Magic      | 1 |  1.6
Ice Magic      | |  0.9

Action                   |  1- 3 |  4- 6 |  7- 9 | 10-12 || total
-------------------------+-------+-------+-------+-------++-------
Melee: Unarmed           |    15 |     4 |       |       ||    19
       Peck              |     3 |     2 |     1 |       ||     6
       Kick              |     1 |     4 |       |       ||     5
       Dagger            |       |     8 |       |       ||     8
       Whip              |       |       |     7 |       ||     7
       Halberd           |       |       |     2 |     1 ||     3
 Cast: Magic Dart        |    63 |    75 |   121 |    42 ||   301
       Searing Ray       |     3 |    11 |    42 |    24 ||    80
       Iskenderun's Myst |       |     9 |    16 |     1 ||    26
       Shock             |       |       |       |     1 ||     1
 Abil: Fly               |       |       |     4 |       ||     4
  Use: Potion            |       |     2 |     4 |     4 ||    10
       Scroll            |       |       |     9 |     5 ||    14
  Eat: Chunk             |     4 |     9 |    17 |     1 ||    31
       Ration            |       |     1 |       |     2 ||     3
Armor: Robe              |    10 |    12 |    29 |    25 ||    76
       Skin              |       |       |     3 |       ||     3
Dodge: Dodged            |    18 |    41 |    62 |    64 ||   185
Block: Other             |       |     3 |    11 |     4 ||    18
       Reflection        |       |       |     2 |       ||     2
